 Dungeon Crawl Stone Soup version 0.26.1-11-gd32895ea62 (webtiles) character file.

Game seed: 5890228144529602476

78 Zeld the Insei (level 4, 0/29 HPs)
             Began as an Octopode Transmuter on May 27, 2021.
             Killed from afar by Natasha (3 damage)
             ... with a magic dart
             ... on level 2 of the Dungeon.
             The game lasted 00:01:25 (1814 turns).

Zeld the Insei (Octopode Transmuter)                Turns: 1814, Time: 00:01:25

Health: 0/29       AC:  1    Str: 10    XL:     4   Next: 36%
Magic:  14/17      EV: 14    Int: 15    God:
Gold:   127        SH:  0    Dex: 12    Spells: 2/8 levels left

rFire    . . .     SeeInvis .     - Unarmed
rCold    . . .     Faith    .   (no shield)
rNeg     . . .     Spirit   .   (helmet restricted)
rPois    .         Reflect  .   (no amulet)
rElec    .         Harm     .   f - ring of magical power
rCorr    .         Rampage  .   (no ring)
Will     .....                  (no ring)
Stlth    ++........             (no ring)
HPRegen  0.09/turn              (no ring)
MPRegen  0.15/turn              (no ring)
                                (no ring)
                                (no ring)

@: no status effects
A: almost no armour, stealthy swim, amphibious, 8 rings, constrict 8, camouflage
1, gelatinous body 1
a: no special abilities


You were on level 2 of the Dungeon.
You visited 1 branch of the dungeon, and saw 2 of its levels.

You collected 127 gold pieces.

Inventory:

Jewellery
 f - a ring of magical power (left tentacle)
Scrolls
 a - 2 scrolls of remove curse {unknown}
 c - a scroll of enchant armour {unknown}
 d - 2 scrolls of amnesia {unknown}
 e - a scroll of fog {unknown}
 g - a scroll of enchant weapon {unknown}
 h - a scroll of fear {unknown}
 i - a scroll of noise {unknown}
Potions
 b - a potion of cancellation {unknown}
 j - a potion of haste {unknown}
 k - a potion of curing {unknown}
 l - a potion of might


   Skills:
 + Level 1.6 Fighting
 + Level 2.6 Dodging
 - Level 3.0 Unarmed Combat
 * Level 2.8 Spellcasting
 * Level 3.0 Transmutations


You had 2 spell levels left.
You knew the following spells:

 Your Spells              Type           Power        Failure   Level
a - Beastly Appendage     Tmut           22%          6%          1
b - Wereblood             Tmut           11%          9%          2
c - Spider Form           Tmut/Pois      3%           32%         3

Your spell library contained the following spells:

 Spells                   Type           Power        Failure   Level
 Ice Form                 Ice/Tmut       6%           71%         4
 Blade Hands              Tmut           5%           85%         5


Dungeon Overview and Level Annotations

Branches:
Dungeon (2/15)

Altars:
Hepliaklqana
Qazlal

Annotations:
D:2 Natasha


Innate Abilities, Weirdness & Mutations

You cannot wear most types of armour.
You are very stealthy in the water. (Stealth+)
You are amphibious.
You can wear up to eight rings at the same time.
You can use your tentacles to constrict eight enemies at once.
Your skin changes colour to match your surroundings (Stealth+).
Your rubbery body absorbs attacks. (AC +1, EV +1)


Message History

Natasha is moderately wounded.
Natasha casts a spell at you. The magic dart hits you!
* * * LOW HITPOINT WARNING * * *
You bite Natasha!
Natasha looks as sick as possible!
Natasha is severely wounded.
You kill Natasha!
Suddenly Natasha's spirit rises from her lifeless body.
Your Transmutations skill increases to level 3!
You have reached level 4!
You hit the kobold.
You kill the kobold!
Your transformation has ended.
Natasha, Servant of Life and Death comes into view.
Natasha is nearby!
Natasha is nearby!
You see here a +0 dagger.
Natasha casts a spell at you. The magic dart hits you.
You die...

############## .....#
<###.# ####.# ######### ..
.....####.......# ...
###.....).....#.#+####...
#...........#...[.....#
#####
#...........#.........#
#...#
#.............@.......#
#...#
#.......###+###.......#
###...# #.......# #.#
#.......# #..)...
#.......###.###.#######
#.#####
#.......+.._###)####### #.#
#.......###.###.h.....# #.#
#.......# #.# #.....h.# #.#
#######.###'###.......###.#
#.................#.#


You could see Natasha.

Vanquished Creatures
  Natasha (D:2)
  An adder (D:2)
  2 dart slugs
  2 bats (D:2)
  A giant cockroach (D:2)
  5 goblins
  A hobgoblin (D:1)
  3 ball pythons (D:1)
  9 frilled lizards (D:1)
  12 kobolds
  4 rats (D:1)
41 creatures vanquished.

Notes
Turn   | Place    | Note
-------+----------+-------------------------------------------
     0 | D:1      | Zeld the Octopode Transmuter began the quest for the Orb.
     0 | D:1      | Reached XP level 1. HP: 13/13 MP: 3/3
   176 | D:1      | Reached XP level 2. HP: 16/18 MP: 3/5
   209 | D:1      | Learned a level 2 spell: Wereblood
   886 | D:1      | Reached XP level 3. HP: 23/23 MP: 4/6
   890 | D:1      | Learned a level 3 spell: Spider Form
  1527 | D:2      | Found a stormy altar of Qazlal.
  1773 | D:2      | Found a hazy altar of Hepliaklqana.
  1794 | D:2      | Noticed Natasha
  1804 | D:2      | Killed Natasha
  1805 | D:2      | Reached XP level 4. HP: 2/29 MP: 8/8
  1809 | D:2      | Noticed Natasha
  1814 | D:2      | Killed from afar by Natasha

Illustrated notes

Levels and vault maps discovered:
D:1:      minmay_arrival_diagonal_passages, layout_loops_cross,
          minmay_lizard_pond
D:2:      layout_basic, lemuel_doored_altar, grunt_qazlal_sundering,
          uniq_natasha

Skill      XL: |  1  2  3 |
---------------+----------+-----
Transmutations | 3 |  3.0
Fighting       | |  1.6
Dodging        | |  2.6
Unarmed Combat | |  3.0
Spellcasting   | |  2.8

Action                   |  1- 3 |  4- 6 || total
-------------------------+-------+-------++-------
Melee: Unarmed           |    85 |     1 ||    86
       Constrict         |    20 |       ||    20
       Kick              |    13 |       ||    13
       Tentacles         |     7 |       ||     7
 Cast: Beastly Appendage |    22 |       ||    22
       Wereblood         |     2 |       ||     2
       Spider Form       |     1 |       ||     1
 Stab: Sleeping          |     3 |       ||     3
Armor: Skin              |     5 |       ||     5
Dodge: Dodged            |    73 |       ||    73
